 Dungeon Crawl Stone Soup version 0.29.1-15-g9cfb28693d (webtiles) character file.

Game seed: 3755335517623495951

83 terminale the Magician (level 4, -3/31 HPs)
             Began as a Djinni Fire Elementalist on May 1, 2023.
             Killed from afar by an orc wizard (5 damage)
             ... with a magic dart
             ... on level 3 of the Dungeon on May 2, 2023.
             The game lasted 00:16:16 (2502 turns).

terminale the Magician (Djinni Fire Elementalist)   Turns: 2502, Time: 00:16:16

Health: -3/31      AC:  2    Str:  7    XL:     4   Next: 71%
Gold:   129        EV: 12    Int: 18    God:
                   SH:  0    Dex: 14

rFire   + + .      SeeInvis .   (no weapon)
rCold   x . .      Faith    .   (no shield)
rNeg    . . .      Spirit   .   a - +0 robe
rPois   ∞          Reflect  .   (no helmet)
rElec   .          Harm     .   (no cloak)
rCorr   .          Rampage  .   (no gloves)
Will    .....                   (boots unavailable)
Stlth   ++........              (no amulet)
HPRegen 0.10/turn               (no ring)
MPRegen 0.00/turn               (no ring)

@: flying
A: sickness immunity, fire resistance 2, cold vulnerability 1, float, innate
caster, HP casting, extra vitality 1
a: no special abilities


You were on level 3 of the Dungeon.
You visited 1 branch of the dungeon, and saw 3 of its levels.

You collected 129 gold pieces.

Inventory:

Hand Weapons
 i - the +1 sling of the Eggplant {flame, rN+ Will+ Dex-3}
   (You found it on level 3 of the Dungeon)

   Any ammunition fired from it burns those it strikes, dealing additional fire
   damage.
   Dex:       It affects your dexterity (-3).
   rN:        It protects you from negative energy.
   Will:      It increases your willpower.
Missiles
 f - a throwing net
Armour
 a - a +0 robe (worn)
 g - a +0 pair of gloves
Scrolls
 b - 4 scrolls of fear {unknown}
 c - 3 scrolls of noise {unknown}
 d - a scroll of magic mapping {unknown}
 e - 3 scrolls of identify {unknown}
 h - a scroll of teleportation {unknown}


   Skills:
 + Level 0.1 Fighting
 + Level 2.5 Dodging
 + Level 2.0 Stealth
 + Level 0.6 Unarmed Combat
 + Level 3.6 Spellcasting


You couldn't memorise any spells.
You knew the following spells:

 Your Spells              Type           Power      Damage    Failure   Level
a - Foxfire               Conj/Fire      64%        2x1d7     3%          1
b - Scorch                Fire           32%        2d6       5%          2
c - Conjure Flame         Conj/Fire      16%        6-21      11%         3
d - Inner Flame           Hex/Fire       16%        N/A       11%         3
e - Flame Wave            Conj/Fire      16%        2d7       34%         4
f - Shock                 Conj/Air       64%        1d7       3%          1
Your spell library was empty.

Dungeon Overview and Level Annotations

Branches:
Dungeon (3/15)

Altars:

Shops:
D:1 [


Innate Abilities, Weirdness & Mutations

You are immune to sickness and miasma.
You are immune to poison.
Your flesh is very heat resistant. (rF++)
You are vulnerable to cold. (rC-)
You float through the air rather than walking.
You learn spells naturally, not from books.
Your magical power is your life essence.
You have superior vitality. (+4 MHP)


Message History

Casting: Foxfire (safe; 3% risk of failure)
Press: ? - help, Q - select action, (/) - cycle Dir - look around, f - activate You conjure some foxfire!
The foxfire hits the hobgoblin.
The hobgoblin is lightly wounded.
The foxfire hits the hobgoblin.
The hobgoblin is heavily wounded.
The foxfire hits the hobgoblin.
You kill the hobgoblin!
Your Stealth skill increases to level 2!
Your foxfire dissipates!
An orc wizard is nearby!
Casting: Foxfire (safe; 3% risk of failure)
Press: ? - help, Q - select action, (/) - cycle Dir - look around, f - activate You conjure some foxfire!
The orc wizard shouts!
Your foxfire dissipates!
Casting: Foxfire (safe; 3% risk of failure)
Press: ? - help, Q - select action, (/) - cycle Dir - look around, f - activate You conjure some foxfire!
Your foxfire dissipates!
Casting: Foxfire (safe; 3% risk of failure)
Press: ? - help, Q - select action, (/) - cycle Dir - look around, f - activate You conjure some foxfire!
The foxfire hits the orc wizard.
The orc wizard is moderately wounded.
The foxfire hits the orc wizard.
The orc wizard is heavily wounded.
The orc wizard gestures at you while chanting.
The magic dart hits you! The orc wizard casts a spell at you.
The magic dart hits you!
* * * LOW HITPOINT WARNING * * *
The orc wizard shouts!
You hear a shout!
The orc wizard points at you and mumbles some strange words.
The magic dart hits you!
* * * LOW HITPOINT WARNING * * *
The orc wizard points at you and mumbles some strange words.
The magic dart hits you.
You die...

........#......# ###......
...................####
####...
.o....................# #...
.....................######...
.. #............<.........#...
#. #...o...†........#####.#...
#. #................#...#...##
#o##............)...'.⌠.'.###
#...#........@......#...#.#
###.##....o#.....#..#####.#
#..#####.#######........#
##.#####.# ####.....#
#.......# #.....# ######..#
####### ####


You could see 2 orc wizards.

Vanquished Creatures
  3 adders
  A dart slug (D:1)
  3 ball pythons (D:2)
  10 endoplasms
  2 giant cockroaches
  4 goblins
  3 hobgoblins
  3 jackals (D:2)
  A quokka (D:2)
  4 bats
  3 frilled lizards (D:2)
  6 kobolds
  5 rats (D:1)
48 creatures vanquished.

Vanquished Creatures (others)
  109 foxfires
109 creatures vanquished.

Grand Total: 157 creatures vanquished

Notes
Turn   | Place    | Note
-------+----------+-------------------------------------------
     0 | D:1      | terminale the Djinni Fire Elementalist began the quest for
                  | the Orb.
     0 | D:1      | terminale set off with the following spells memorised:
                  | Foxfire, Scorch, Conjure Flame, Inner Flame, Flame Wave.
     0 | D:1      | Reached XP level 1. HP: 15/15 MP: 0/0
   319 | D:1      | Reached XP level 2. HP: 19/21 MP: 0/0
   332 | D:1      | Found a faded altar of an unknown god.
   752 | D:1      | Reached skill level 3 in Spellcasting
  1006 | D:1      | Reached XP level 3. HP: 22/25 MP: 0/0
  1006 | D:1      | Learned a level 1 spell: Shock
  1057 | D:1      | Found Kuax's Armour Boutique.
  1889 | D:2      | Reached XP level 4. HP: 25/31 MP: 0/0
  2300 | D:3      | Identified the +1 sling of the Eggplant {flame, rN+ Will+
                  | Dex-3}
  2500 | D:3      | HP: 1/31 [orc wizard/magic dart (7)]
  2502 | D:3      | Killed from afar by an orc wizard

Illustrated notes

Levels and vault maps discovered:
D:1:      dpeg_arrival_rhombi, layout_basic, serial_shops, shop_statue,
          hellmonk_ecumenical_altar_pennies_from_heaven
D:2:      layout_loops_corners
D:3:      layout_rooms, minmay_misc_feat_room, minmay_surrounded

Skill      XL: |  1  2  3  4 |
---------------+-------------+-----
Spellcasting   | 3 |  3.6
Stealth        | 2 |  2.0
Fighting       | |  0.1
Dodging        | |  2.5
Unarmed Combat | |  0.6

Action                   |  1- 3 |  4- 6 || total
-------------------------+-------+-------++-------
Melee: Unarmed           |    33 |     1 ||    34
       Punch             |     1 |       ||     1
 Cast: Foxfire           |    60 |    25 ||    85
       Conjure Flame     |       |     1 ||     1
Armor: Robe              |     8 |     2 ||    10
Dodge: Dodged            |    30 |     1 ||    31
